AoeStats
← DiegoRH7955

African Clearing

510430641Analyzed
2v2 RM · 2d ago on Oct 1, 2026· 32m 38s· 4 players
Game mode
Random Map
Map size
Medium (4 player)
Population
200
Speed
Normal
Resources
Standard
Victory
Conquest
Starting age
Dark Age
Ending age
Imperial Age
RankedLock teamsTeams togetherTeam positionsShared explorationLock speedFull tech treeHidden civsTurbo modeCheats
Victory
Defeat
🇺🇸 Burmese · United States
1572
+19
🇲🇽 Japanese · Mexico
1459
+24
🇩🇪 Malay · Germany
1645
-22
🇩🇪 Inca · Germany
1637
-21
BungaloBones
11:40 Feudal Age
17:11 Castle Age
16:09 Scale Barding Armor
16:08 Horse Collar
17:41 Bloodlines
17:43 Forging
21:41 Husbandry
24:10 Chain Barding Armor
24:33 Loom
25:37 Gold Mining
31:04 Wheelbarrow
32:38 Iron Casting
DiegoRH7955
11:58 Feudal Age
10:57 Loom
12:52 Double-Bit Axe
13:07 Man-at-Arms
15:51 Fletching
21:49 Castle Age
20:23 Padded Archer Armor
22:07 Gold Mining
25:19 Bodkin Arrow
28:50 Thumb Ring
29:54 Leather Archer Armor
30:59 Husbandry
32:01 Wheelbarrow
32:29 Bow Saw
Aurelia
12:59 Feudal Age
16:43 Castle Age
17:09 Loom
20:53 Champi Runner
22:45 Fletching
25:55 Bodkin Arrow
gore
13:55 Feudal Age
12:25 Loom
14:12 Feudal Age
18:05 Castle Age
16:25 Fletching
16:22 Double-Bit Axe
17:14 Crossbowman
19:35 Bodkin Arrow
26:56 Padded Archer Armor
28:17 Bow Saw
29:20 Wheelbarrow
29:54 Leather Archer Armor
30:32 Ballistics
30:44 Horse Collar
Connection lost

Rejoining the realm…

Still unreachable

The connection could not be restored.

Session expired

The server has moved on; the page needs a fresh start.